 Dungeon Crawl Stone Soup version 0.20.1-1-g8b1a95d (webtiles) character file.

153 wrentha the Grave Robber (level 5, -4/35 HPs)
             Began as a Human Necromancer on Dec 8, 2017.
             Killed by miscasting Animate Dead (16 damage)
             ... on level 3 of the Dungeon.
             The game lasted 00:17:55 (2512 turns).

wrentha the Grave Robber (Human Necromancer)        Turns: 2512, Time: 00:17:55

Health: -4/35      AC:  5    Str:  9    XL:     5   Next: 61%
Magic:  5/10       EV:  5    Int: 16    God:
Gold:   25         SH:  9    Dex: 13    Spells: 2/10 levels left

rFire    . . .     SeeInvis .   v - +2 short sword (venom)
rCold    . . .     Gourm    .   k - +0 large shield
rNeg     . . .     Faith    .   y - +0 ring mail
rPois    .         Spirit   .   (no helmet)
rElec    .         Reflect  .   (no cloak)
rCorr    .         Harm     .   (no gloves)
MR       .....                  (no boots)
Stlth    +.........             (no amulet)
Regen    0.2/turn               (no ring)
MPRegen  0.2/turn               (no ring)

@: very slightly contaminated
A: no striking features
a: no special abilities


You were on level 3 of the Dungeon.
You were not hungry.

You visited 1 branch of the dungeon, and saw 3 of its levels.

You collected 25 gold pieces.

Inventory:

Hand Weapons
 f - a +1 dagger of venom
 g - a +2 whip of venom
 i - a +0 hunting sling
 v - a +2 short sword of venom (weapon)
Missiles
 n - 40 arrows
 q - 72 stones (quivered)
 t - 21 bolts
 w - 3 poisoned needles
Armour
 a - a +0 robe
 k - a +0 large shield (worn)
 y - a +0 ring mail (worn)
Scrolls
 j - a scroll of immolation {unknown}
 s - a scroll of remove curse {unknown}
 u - a scroll of teleportation {unknown}
 x - 2 scrolls of identify {unknown}
Potions
 e - a potion of resistance {unknown}
 h - a potion of magic {unknown}
 l - a potion of might {unknown}
 m - 2 potions of agility {unknown}
 o - 2 potions of curing {unknown}
Books
 b - a book of Necromancy

   Spells                             Type                      Level
   a - Pain                           Necromancy                   1
   b - Animate Skeleton               Necromancy                   1
   c - Vampiric Draining              Necromancy                   3
   d - Regeneration                   Charms/Necromancy            3
   e - Animate Dead                   Necromancy                   4
   f - Control Undead                 Necromancy                   4
Comestibles
 c - 3 bread rations
 d - 3 fruits
 p - a meat ration
 r - a royal jelly
 z - 2 chunks of flesh


   Skills:
 + Level 0.2 Fighting
 + Level 0.2 Short Blades
 + Level 0.2 Maces & Flails
 + Level 0.8 Armour
 + Level 2.2 Dodging
 + Level 2.4 Stealth
 + Level 3.3 Spellcasting
 + Level 5.1 Necromancy


You had 2 spell levels left.
You knew the following spells:

 Your Spells              Type           Power        Failure   Level  Hunger
a - Pain                  Necr           ###.         83%         1    None
b - Vampiric Draining     Necr           ###.......   99%         3    ###....
c - Animate Dead          Necr           N/A          100%        4    ####...


Dungeon Overview and Level Annotations

Branches:
Dungeon (3/15)

Altars:
Elyvilon


Message History

You see here a dagger.
The bat barely misses you. The bat hits you but does no damage.
You miss the bat. You block the bat's attack.
You hit the bat.
The bat is poisoned.
The bat is moderately wounded.
The bat barely misses you.
You kill the iguana!
You block the bat's attack. The bat hits you but does no damage.
You hit the bat.
You kill the bat!
You see here a dagger.
You see here an iguana corpse.
You see here a dagger.
Casting: Animate Dead
Confirm with . or Enter, or press ? or * to list all spells.
The spell is very dangerous to cast!
Continue anyway?
You miscast Animate Dead.
You are very lightly contaminated with residual magic.
Pain shoots through your body!
You die...

#.........g# #.# #.#
#.# #.# #.# #.###
#.####### #...#
#........ ###l#
###.### ##..#
#.....#
##.#.#####.###.#####
#.###.†@...# #.....#
##.#.#####.###)###.#
##..# #.....###.##
#..# ###..........
#..# #.#####.###
#..# #...# #..#
###.# #..# #># #..#
#.#


There were no monsters in sight!

Vanquished Creatures
  An orc priest (D:3)
  An iguana (D:3)
  4 adders (D:2)
  A worm (D:3)
  3 dart slugs
  3 leopard geckos
  2 orcs (D:3)
  3 giant cockroaches
  5 goblins (D:1)
  6 hobgoblins
  3 jackals (D:1)
  7 bats
  2 frilled lizards
  5 rats (D:1)
46 creatures vanquished.

Vanquished Creatures (collateral kills)
  2 hobgoblins
  2 jackals (D:2)
  2 bats
  A kobold (D:3)
  2 rats (D:2)
9 creatures vanquished.

Grand Total: 55 creatures vanquished

Notes
Turn   | Place    | Note
-------+----------+-------------------------------------------
     0 | D:1      | wrentha the Human Necromancer began the quest for the Orb.
     0 | D:1      | Reached XP level 1. HP: 13/13 MP: 3/3
   467 | D:1      | Reached XP level 2. HP: 19/19 MP: 3/5
   935 | D:1      | Reached XP level 3. HP: 24/24 MP: 4/6
  1023 | D:1      | Learned a level 3 spell: Vampiric Draining
  1608 | D:2      | Reached XP level 4. HP: 24/30 MP: 1/7
  1614 | D:2      | Learned a level 4 spell: Animate Dead
  1939 | D:2      | Reached skill level 5 in Necromancy
  2251 | D:3      | Reached XP level 5. HP: 35/35 MP: 9/9
  2338 | D:3      | Found a white marble altar of Elyvilon.
  2512 | D:3      | Killed by miscasting Animate Dead

Skill      XL: |  1  2  3  4 |
---------------+-------------+-----
Necromancy     | 5 |  5.1
Spellcasting   | 3 |  3.3
Fighting       | |  0.2
Short Blades   | |  0.2
Maces & Flails | |  0.2
Armour         | |  0.8
Dodging        | |  2.2
Stealth        | |  2.4

Action                   |  1- 3 |  4- 6 || total
-------------------------+-------+-------++-------
Melee: Whip              |    17 |     9 ||    26
       Unarmed           |     5 |       ||     5
       Short sword       |       |    39 ||    39
 Cast: Pain              |    43 |    10 ||    53
       Animate Dead      |       |     4 ||     4
 Stab: Sleeping          |       |     1 ||     1
  Eat: Chunk             |     3 |     4 ||     7
Armor: Robe              |       |    12 ||    12
       Ring mail         |       |    14 ||    14
Dodge: Dodged            |    13 |    34 ||    47
Block: Large shield      |       |    10 ||    10
